 Dungeon Crawl Stone Soup version 0.22-a0-348-gd16d139 (webtiles) character file.

53 JeffiDaFish the Firebug (level 3, -2/26 HPs)
             Began as a Draconian Fire Elementalist on Apr 8, 2018.
             Slain by a gnoll
             ... wielding a +0 whip
              (4 damage)
             ... on level 2 of the Dungeon.
             The game lasted 00:03:47 (1849 turns).

JeffiDaFish the Firebug (DrFE)                      Turns: 1849, Time: 00:03:47

Health: -2/26      AC:  6    Str: 10    XL:     3   Next: 64%
Magic:  3/6        EV: 12    Int: 16    God:
Gold:   66         SH:  0    Dex: 11    Spells: 3/7 levels left

rFire    . . .     SeeInvis .   f - +0 spear
rCold    . . .     Gourm    .   (no shield)
rNeg     . . .     Faith    .   (armour unavailable)
rPois    .         Spirit   .   (helmet restricted)
rElec    .         Reflect  .   (no cloak)
rCorr    .         Harm     .   c - +0 pair of gloves
MR       .....                  (no boots)
Stlth    +.........             (no amulet)
HPRegen  0.08/turn              e - ring of loudness (curse)
MPRegen  0.10/turn              (no ring)

@: no status effects
A: unfitting armour, cold-blooded, AC +5
a: no special abilities


You were on level 2 of the Dungeon.
You were not hungry.

You visited 1 branch of the dungeon, and saw 3 of its levels.

You collected 66 gold pieces.

Inventory:

Hand Weapons
 f - a +0 spear (weapon)
Armour
 c - a +0 pair of gloves (worn)
Jewellery
 e - a cursed ring of loudness (left hand)
Potions
 d - a potion of might
Comestibles
 a - 5 chunks of flesh
 b - 3 rations


   Skills:
 - Level 1.7 Dodging
 - Level 1.7 Stealth
 + Level 2.5 Spellcasting
 * Level 2.6 Conjurations
 + Level 3.4 Fire Magic


You had 3 spell levels left.
You knew the following spells:

 Your Spells              Type           Power        Failure   Level  Hunger
a - Flame Tongue          Conj/Fire      ##...        5%          1    #......
b - Conjure Flame         Conj/Fire      ##......     17%         3    ###....


Dungeon Overview and Level Annotations

Branches:
Dungeon (3/15)

Altars:
Gozag
Xom


Innate Abilities, Weirdness & Mutations

Your plain brown scales are hard. (AC +5)
You cannot fit into any form of body armour.
You are cold-blooded and may be slowed by cold attacks.


Message History

Press: ? - help, Shift-Dir - straight line, f/p - ice beast
Aim: an ice beast The flame tongue hits the ice beast.
The ice beast melts!
The ice beast is lightly wounded.
The ice beast barely misses you. The gnoll hits you but does no damage.
The gnoll misses you. The gnoll barely misses you.
Casting: Flame Tongue (safe; 5% risk of failure)
Confirm with . or Enter, or press ? or * to list all spells.
Aiming: Flame Tongue (safe; 5% risk of failure)
Press: ? - help, Shift-Dir - straight line, f/p - ice beast
Aim: an ice beast (lightly wounded)
The flame tongue hits the ice beast.
The ice beast appears unharmed.
The ice beast is lightly wounded.
The ice beast hits you. The ice beast freezes you!
* * * LOW HITPOINT WARNING * * *
The gnoll hits you but does no damage.
The gnoll hits you with a vampiric whip.
* * * LOW HITPOINT WARNING * * *
The gnoll hits you with a whip.
You die...

..# #.##..##.###....<####..##....
..# #.###....###...........##....
.## #.###........)..#...#..##....
## #.##.....###...........###...
#####.##.....# #....#...##.###...
..........#.#######.#...##....#..
#.....##.##...## #..#...##.##....
#......#.####..###.##...##.......
....[..........g@g.........####รท.
..####.#.######g#Y.##......## #..
...# #.#.# ##...###...##..# #..
.#.###.#.#####....# ##.###..# #..
.#................# #.# #..# #..
.####.#...........# #.# #..# #.#
..# #.............## #.# ##.# #.#
#.# ##.............###.####.# #.#
#.# #.#...........##....##.# #..


You could see an ice beast and 3 gnolls.

Vanquished Creatures
  An adder (D:2)
  2 dart slugs
  3 leopard geckos
  6 bats
  2 giant cockroaches (D:2)
  3 goblins
  4 hobgoblins
  A quokka (D:2)
  9 kobolds
  8 rats
39 creatures vanquished.

Notes
Turn   | Place    | Note
-------+----------+-------------------------------------------
     0 | D:1      | JeffiDaFish the Draconian Fire Elementalist began the quest for the Orb.
     0 | D:1      | Reached XP level 1. HP: 14/14 MP: 3/3
   222 | D:1      | Reached XP level 2. HP: 14/20 MP: 5/5
  1256 | D:2      | Reached XP level 3. HP: 26/26 MP: 6/6
  1504 | D:2      | Learned a level 3 spell: Conjure Flame
  1755 | D:2      | Found a shimmering altar of Xom.
  1755 | D:2      | Found an opulent altar of Gozag.
  1778 | D:3      | Noticed an ice beast
  1849 | D:2      | Slain by a gnoll

Vault maps used:
D:1:      dpeg_arrival_chambers_temple_mockup
D:2:      gammafunk_temple_overflow_wave
D:3:      nicolae_overflow_hidden_temple, first_ration

Skill      XL: |  1  2 |
---------------+-------+-----
Conjurations   | 2 |  2.6
Dodging        | |  1.7
Stealth        | |  1.7
Spellcasting   | |  2.5
Fire Magic     | |  3.4

Action                   || total
-------------------------++-------
Melee: Unarmed           ||    11
       Short sword       ||    32
       Spear             ||    48
       Tailslap          ||     5
 Cast: Flame Tongue      ||    29
  Use: Potion            ||     5
       Scroll            ||     4
  Eat: Chunk             ||     3
Armor: Skin              ||    46
Dodge: Dodged            ||    85

Table legend:
 A = Spawn XP
 B = Non-spawn XP
 C = Spawn XP percentage of total XP
 D = Spawn monster count
 E = Non-spawn monster count
 F = Spawn count percentage of total count
 G = Total turns spent on level
                    A         B        C        D         E        F      G
               +---------+---------+-------+---------+---------+-------+---------
         Total |       0 |      77 |   0.0 |       0 |      39 |   0.0 |  1849
               +---------+---------+-------+---------+---------+-------+---------
           D:1 |       0 |      28 |   0.0 |       0 |      17 |   0.0 |  1163
           D:2 |       0 |      44 |   0.0 |       0 |      20 |   0.0 |   675
           D:3 |       0 |       5 |   0.0 |       0 |       2 |   0.0 |    11
               +---------+---------+-------+---------+---------+-------+---------
